 Dungeon Crawl Stone Soup version 0.20.1-1-g8b1a95d (webtiles) character file.

470 HammerPanzer the Cudgeler (level 6, 0/47 HPs)
             Began as a Demonspawn Berserker on Oct 26, 2017.
             Was a Priest of Trog.
             Slain by an orc wizard
             ... wielding a +0 dagger
              (3 damage)
             ... on level 6 of the Dungeon.
             The game lasted 00:11:55 (2697 turns).

HammerPanzer the Cudgeler (Demonspawn Berserker)    Turns: 2697, Time: 00:11:55

Health: 0/47       AC:  9    Str: 20    XL:     6   Next: 82%
Magic:  6/6        EV:  8    Int:  8    God:    Trog [***...]
Gold:   230        SH:  0    Dex:  9    Spells: 5/5 levels left

rFire    . . .     SeeInvis .   a - +0 mace
rCold    . . .     Gourm    .   (no shield)
rNeg     . . .     Faith    +   h - +0 chain mail
rPois    .         Spirit   .   n - +0 helmet
rElec    .         Reflect  .   (no cloak)
rCorr    .         Harm     .   (no gloves)
MR       .....                  (no boots)
Stlth    ..........             o - amulet of faith
Regen    0.2/turn               l - -3 ring of dexterity (curse)
MPRegen  0.1/turn               (no ring)

@: confused, berserk cooldown, slowed, very slow
A: hooves 1, spiny 2
a: Berserk, Trog's Hand, Burn Spellbooks, Renounce Religion


You were on level 6 of the Dungeon.
You worshipped Trog.
Trog was most pleased with you.
You were not hungry.

You visited 1 branch of the dungeon, and saw 5 of its levels.

You collected 230 gold pieces.

Inventory:

Hand Weapons
 a - a +0 mace (weapon)
Armour
 h - a +0 chain mail (worn)
 n - a +0 helmet (worn)
Jewellery
 l - a cursed -3 ring of dexterity (left hand)
 o - an amulet of faith (around neck)
 q - an uncursed ring of ice {unknown}
Scrolls
 e - 4 scrolls of recharging
 f - 3 scrolls of magic mapping
Potions
 b - a potion of flight {unknown}
 g - a potion of ambrosia {unknown}
 i - a potion of heal wounds {unknown}
 m - 3 potions of lignification {unknown}
Comestibles
 c - 4 bread rations
 d - 6 chunks of flesh
 j - a royal jelly
 k - 2 meat rations


   Skills:
 - Level 3.0 Fighting
 + Level 7.0 Maces & Flails
 - Level 1.7 Armour
 - Level 1.7 Dodging
 + Level 0.8 Stealth


You had 5 spell levels left.
You didn't know any spells.

Dungeon Overview and Level Annotations

Branches:
Dungeon (4/15)
 Temple: D:4-7

Altars:

Annotations:
D:4 Eustachio
D:6 Blork the orc, Dowan, Duvessa


Innate Abilities, Weirdness & Mutations

You have large cloven feet.
You are mostly covered in sharp spines.


Message History

Blork the orc screams, "I'm much stronger than you!"
Blork the orc barely misses you.
Your chain mail prevents you from hitting the orc wizard.
Blork the orc screams, "I'll make a cloak from your skin!"
Blork the orc casts a spell at you. The puff of frost misses you.
The puff of frost hits the orc wizard.
The orc wizard casts a spell at you.
You are confused.
The orc hits you but does no damage.
Blork the orc gestures at you while chanting.
The puff of frost hits you!
The orc wizard points at you and mumbles some strange words.
The magic dart hits you! The orc is struck by your spines. The orc hits you.
* * * LOW HITPOINT WARNING * * *
You bump into the rock wall.
Blork the orc points at you and mumbles some strange words.
The magic dart hits you!
* * * LOW HITPOINT WARNING * * *
Duvessa hits you but does no damage. The orc wizard hits you with a dagger.
You die...

..#.## ##...... #..#....
#.##.... .....# ##.#...#
#......### #..#.#.#
o.........###e...#.##
#.........oo@oo.....####
#.........###o..###....#
#.............### ####e######
#.........o##########o.......
<..................##........
##.......#######.............
#.....)...# ######........
#....(.?..# #........
#.........# #########


You could see Duvessa, Blork the orc, an orc wizard and 3 orcs.

Vanquished Creatures
  Sigmund (D:3)
  A phantom (D:4)
  A howler monkey (D:4)
  A hound (D:4)
  A worker ant (D:3)
  A hound skeleton (D:4)
  4 adders
  6 worms
  A dart slug (D:1)
  6 giant cockroaches
  8 goblins
  9 hobgoblins
  7 jackals
  2 quokkas
  A ball python (D:1)
  8 bats
  3 frilled lizards
  4 kobolds
  5 rats
70 creatures vanquished.

Notes
Turn   | Place    | Note
-------+----------+-------------------------------------------
     0 | D:1      | HammerPanzer the Demonspawn Berserker began the quest for the Orb.
     0 | D:1      | Reached XP level 1. HP: 18/18 MP: 1/1
   128 | D:1      | Reached skill level 3 in Maces & Flails
   329 | D:1      | Gained mutation: You are partially covered in sharp spines. [demonic ancestry]
   329 | D:1      | Reached XP level 2. HP: 20/24 MP: 2/2
   992 | D:2      | Reached ** piety under Trog
  1016 | D:2      | Gained mutation: You have large cloven feet. [demonic ancestry]
  1016 | D:2      | Reached XP level 3. HP: 12/29 MP: 3/3
  1270 | D:2      | Reached skill level 4 in Maces & Flails
  1475 | D:2      | Reached XP level 4. HP: 31/35 MP: 4/4
  1747 | D:3      | Noticed Sigmund
  1877 | D:3      | Reached skill level 5 in Maces & Flails
  2209 | D:3      | Reached *** piety under Trog
  2228 | D:3      | Killed Sigmund
  2228 | D:3      | Reached skill level 6 in Maces & Flails
  2228 | D:3      | Reached XP level 5. HP: 41/41 MP: 5/5
  2228 | D:3      | Gained mutation: You are mostly covered in sharp spines. [demonic ancestry]
  2228 | D:3      | Reached XP level 6. HP: 47/47 MP: 6/6
  2500 | D:4      | Noticed Eustachio
  2579 | D:4      | Reached skill level 7 in Maces & Flails
  2661 | D:4      | You fall through a shaft for 2 floors!
  2661 | D:6      | Noticed Blork the orc
  2661 | D:6      | Noticed Duvessa
  2661 | D:6      | Noticed Dowan
  2697 | D:6      | Slain by an orc wizard

Skill      XL: |  1  2  3  4  5  6 |
---------------+-------------------+-----
Maces & Flails | 3 4 6 7 |  7.0
Fighting       | |  3.0
Armour         | |  1.7
Dodging        | |  1.7
Stealth        | |  0.8

Action                   |  1- 3 |  4- 6 || total
-------------------------+-------+-------++-------
Melee: Mace              |    95 |    81 ||   176
       Kick              |     7 |    17 ||    24
Invok: Berserk           |       |     2 ||     2
  Use: Scroll            |       |     6 ||     6
  Eat: Chunk             |     2 |     5 ||     7
Armor: Animal skin       |    12 |       ||    12
       Chain mail        |    27 |    47 ||    74
Dodge: Dodged            |    53 |    40 ||    93
